 Dungeon Crawl Stone Soup version 0.24-a0-539-g6aae15eeb0 (webtiles) character file.

Game seed: 5072384335998453872

58 MordorOrchid the Grave Robber (level 3, 0/26 HPs)
             Began as a Minotaur Necromancer on Aug 17, 2019.
             Slain by a goblin (3 damage)
             ... led by Robin
             ... on level 2 of the Dungeon.
             The game lasted 00:04:44 (717 turns).

MordorOrchid the Grave Robber (Minotaur Necromancer) Turns: 717, Time: 00:04:44

Health: 0/26       AC:  2    Str: 12    XL:     3   Next: 76%
Magic:  3/4        EV: 12    Int: 13    God:
Gold:   0          SH:  0    Dex: 10    Spells: 2/4 levels left

rFire    . . .     SeeInvis .   h - +2 whip (flame)
rCold    . . .     Gourm    .   (no shield)
rNeg     . . .     Faith    .   a - +0 robe
rPois    +         Spirit   .   (helmet restricted)
rElec    .         Reflect  .   (no cloak)
rCorr    .         Harm     .   (no gloves)
MR       .....                  (no boots)
Stlth    ++........             (no amulet)
HPRegen  0.08/turn              g - ring of poison resistance
MPRegen  0.09/turn              (no ring)

@: very slightly contaminated
A: retaliatory headbutt, horns 2
a: no special abilities


You were on level 2 of the Dungeon.
You were not hungry.

You visited 1 branch of the dungeon, and saw 2 of its levels.

Inventory:

Hand Weapons
 h - a +2 whip of flaming (weapon)
 i - a +2 vampiric dagger
Missiles
 e - 25 bolts
Armour
 a - a +0 robe (worn)
Jewellery
 g - a ring of poison resistance (left hand)
Scrolls
 d - a scroll of fog {unknown}
 f - 2 scrolls of teleportation
Comestibles
 b - 6 chunks of flesh
 c - 3 rations


   Skills:
 * Level 2.8 Armour
 - Level 2.1 Dodging
 - Level 1.5 Stealth
 * Level 2.5 Unarmed Combat
 - Level 1.3 Spellcasting
 - Level 3.0 Necromancy


You had 2 spell levels left.
You knew the following spells:

 Your Spells              Type           Power        Failure   Level  Hunger
a - Pain                  Necr           #...         8%          1    ##.....
u - Animate Skeleton      Necr           N/A          8%          1    ##.....

Your spell library contained the following spells:

 Spells                   Type           Power        Failure   Level  Hunger
 Vampiric Draining        Necr           #.........   24%         3    ####...
 Regeneration             Chrm/Necr      #.........   41%         3    ####...
 Animate Dead             Necr           N/A          61%         4    #####..


Dungeon Overview and Level Annotations

Branches:
Dungeon (2/15)

Altars:
Qazlal
Xom


Innate Abilities, Weirdness & Mutations

You reflexively headbutt those who attack you in melee.
You have a pair of horns on your head.


Message History

Casting: Pain (safe; 8% risk of failure)
Confirm with . or Enter, or press ? or * to list all spells.
Aiming: Pain (safe; 8% risk of failure)
Press: ? - help, Shift-Dir - straight line, f/p - hobgoblin
Aim: a hobgoblin (severely wounded, chance to defeat MR: 73%)
You miscast Pain.
You are very lightly contaminated with residual magic.
Nothing appears to happen.
You open the door. The hobgoblin hits you.
* * * LOW HITPOINT WARNING * * *
There is an open door here.
You hit the hobgoblin but do no damage. Your headbutt misses the hobgoblin.
The hobgoblin is severely wounded.
The hobgoblin closely misses you.
You barely miss the hobgoblin.
The hobgoblin is severely wounded.
The hobgoblin hits you.
* * * LOW HITPOINT WARNING * * *
The goblin hits you.
You die...

#.............#........#
#.§§≈....§....#........#
#.§§..§§§≈....#.......#.
#.§§#≈§§##≈...#.........
#...#§§≈≈#....#.........
#.≈≈#§§_≈≈§.≈.########..
#≈§§#≈.>≈#....# #..
#..≈§≈≈≈≈#§...# #..
#?.≈≈≈≈@≈≈≈...# #.#
#...≈.gg≈≈≈...# #.#
#.≈.....≈≈....# #.#
#...........§.# #.#
##.#.....###### #.
#...##### #.## #. #


You could see a hobgoblin and a goblin.

Vanquished Creatures
  A hound (D:2)
  2 leopard geckos
  A giant cockroach (D:1)
  4 goblins (D:2)
  3 hobgoblins (D:2)
  A kobold (D:1)
  A ball python (D:1)
  A bat (D:1)
  2 frilled lizards
  2 rats
18 creatures vanquished.

Vanquished Creatures (collateral kills)
  Robin (D:2)
  A kobold (D:1)
2 creatures vanquished.

Grand Total: 20 creatures vanquished

Notes
Turn   | Place    | Note
-------+----------+-------------------------------------------
     0 | D:1      | MordorOrchid the Minotaur Necromancer began the quest for
                  | the Orb.
     0 | D:1      | Reached XP level 1. HP: 14/14 MP: 1/1
    10 | D:1      | Reached skill level 3 in Necromancy
    14 | D:1      | Learned a level 1 spell: Animate Skeleton
   284 | D:1      | Reached skill level 1 in Armour
   331 | D:1      | Reached skill level 1 in Unarmed Combat
   347 | D:1      | Reached XP level 2. HP: 16/20 MP: 0/3
   545 | D:2      | Reached XP level 3. HP: 10/26 MP: 0/4
   599 | D:2      | Found a shimmering altar of Xom.
   624 | D:2      | Noticed Robin
   647 | D:2      | Killed Robin
   684 | D:2      | Found a stormy altar of Qazlal.
   717 | D:2      | Slain by a goblin

Levels and vault maps discovered:
D:1:      minmay_arrival_up_and_down, layout_loops_corners
D:2:      layout_basic, lemuel_crystal_altar, grunt_decor_cap,
          nicolae_qazlal_general_emergency, uniq_robin

Skill      XL: |  1  2 |
---------------+-------+-----
Necromancy     | 3 |  3.0
Armour         | 1 2 |  2.8
Unarmed Combat | 1 2 |  2.5
Dodging        | |  2.1
Stealth        | |  1.5
Spellcasting   | |  1.3

Action                   || total
-------------------------++-------
Melee: Unarmed           ||    22
       Headbutt          ||     4
       Whip              ||    26
       Punch             ||     1
 Cast: Pain              ||    15
       Animate Skeleton  ||     7
  Use: Scroll            ||     1
Armor: Robe              ||    11
Dodge: Dodged            ||    39

Table legend:
 A = Non-vault XP
 B = Vault XP
 C = Vault XP percentage of total XP
 D = Non-vault monster count
 E = Vault monster count
 F = Vault count percentage of total count
                 A         B        C        D         E       F
            +---------+---------+-------+---------+---------+-------
      Total |      66 |      18 |  21.4 |      14 |       6 |  30.0
            +---------+---------+-------+---------+---------+-------
        D:1 |      12 |       0 |   0.0 |       8 |       0 |   0.0
        D:2 |      54 |      18 |  25.0 |       6 |       6 |  50.0
            +---------+---------+-------+---------+---------+-------
